 Dungeon Crawl Stone Soup version 0.27-a0-1228-gfd60fd639a (webtiles) character file.

Game seed: 10417431943383902716

72 Shayle the Skirmisher (level 4, -6/48 HPs)
             Began as an Ogre Warper on June 7, 2021.
             Killed from afar by Natasha (10 damage)
             ... with a magic dart
             ... on level 2 of the Dungeon.
             The game lasted 00:06:46 (3069 turns).

Shayle the Skirmisher (Ogre Warper)                 Turns: 3069, Time: 00:06:47

Health: -6/48      AC:  3    Str: 15    XL:     4   Next: 26%
Magic:  7/7        EV: 10    Int: 15    God:
Gold:   106        SH:  0    Dex:  8    Spells: 2/7 levels left

rFire    . . .     SeeInvis .   a - +0 spear
rCold    . . .     Faith    .   (no shield)
rNeg     . . .     Spirit   .   b - +0 robe
rPois    .         Reflect  .   (helmet restricted)
rElec    .         Harm     .   (no cloak)
rCorr    .         Rampage  .   (gloves unavailable)
Will     .....                  (boots unavailable)
Stlth    +.........             (no amulet)
HPRegen  0.16/turn              (no ring)
MPRegen  0.10/turn              (no ring)

@: no status effects
A: large, unfitting armour, tough skin 1
a: no special abilities


You were on level 2 of the Dungeon.
You visited 1 branch of the dungeon, and saw 3 of its levels.

You collected 106 gold pieces.

Inventory:

Hand Weapons
 a - a +0 spear (weapon)
Missiles
 e - 2 boomerangs of dispersal (quivered)
Armour
 b - a +0 robe (worn)
Scrolls
 d - 2 scrolls of blinking
 f - a scroll of torment {unknown}
 h - a scroll of amnesia {unknown}
 i - a scroll of enchant weapon {unknown}
 j - a scroll of fear {unknown}
Potions
 c - a potion of attraction {unknown}
 g - a potion of heal wounds {unknown}


   Skills:
 + Level 4.0 Fighting
 + Level 3.0 Polearms
 - Level 1.0 Throwing
 + Level 3.0 Dodging
 - Level 2.4 Spellcasting
 - Level 2.6 Translocations


You had 2 spell levels left.
You knew the following spells:

 Your Spells              Type           Power      Damage    Failure   Level
a - Blink                 Tloc           N/A        N/A       11%         2
b - Teleport Other        Tloc           9%         N/A       22%         3

Your spell library contained the following spells:

 Spells                   Type           Power      Damage    Failure   Level
 Gell's Gravitas          Tloc           4%         N/A       22%         3
 Lesser Beckoning         Tloc           4%         N/A       22%         3
 Manifold Assault         Tloc           9%         N/A       89%         5


Dungeon Overview and Level Annotations

Branches:
Dungeon (3/15)

Altars:

Shops:
D:1 [

Annotations:
D:2 1 runed translucent door, Crazy Yiuf, Natasha


Innate Abilities, Weirdness & Mutations

You are too large for most types of armour.
You have tough skin. (AC +1)


Message History

Natasha claws you but does no damage.
You hit Natasha.
Natasha is moderately wounded.
Natasha claws you.
You hit Natasha.
Natasha is severely wounded.
Natasha misses you.
You hit Natasha but do no damage.
Natasha is severely wounded.
Natasha claws you.
You barely miss Natasha.
Natasha is severely wounded.
Natasha claws you.
You closely miss Natasha.
Natasha is severely wounded.
Natasha stares at you and mumbles some strange words.
The magic dart hits you!
You hit Natasha but do no damage.
Natasha is severely wounded.
Natasha claws you!
* * * LOW HITPOINT WARNING * * *
You closely miss Natasha.
Natasha is severely wounded.
Natasha claws you.
* * * LOW HITPOINT WARNING * * *
Throw: 4 boomerangs (disperse)
Press: ? - help, Q - select action, (/) - cycle Shift-Dir - straight line, f/p - Natasha
Aim: Natasha (severely wounded, 47% to hit)
You throw a boomerang of dispersal.
The boomerang of dispersal hits Natasha.
Natasha blinks!
Natasha is almost dead.
Throw: 3 boomerangs (disperse)
Press: ? - help, Q - select action, (/) - cycle Shift-Dir - straight line, f/p - Natasha
Aim: Natasha (almost dead, 47% to hit)
You throw a boomerang of dispersal.
The boomerang of dispersal barely misses Natasha.
Natasha casts a spell at you. The magic dart hits you!
You die...

..#.###............# #.#
..#.# #....#....#..# #.#
..#.###....#.......# #.#
..#.#.#....#..#.##.# #.#
..#.#.#....#..#.##.####.#
........................#
..#.#.#.##.#............#
..................###.#.#
................@...h.....
............#.#..ยง.[..#.#
......#.##..............#
........................#
........................
..#.#...##..#...####..##
............#... ..#
................ ..
..............


You could see Natasha.

Vanquished Creatures
  3 adders (D:2)
  A dart slug (D:2)
  6 endoplasms
  3 giant cockroaches
  A goblin (D:2)
  A hobgoblin (D:1)
  2 jackals (D:1)
  2 quokkas
  7 ball pythons
  3 bats
  3 frilled lizards
  6 kobolds
  3 rats
41 creatures vanquished.

Vanquished Creatures (others)
  2 plants (D:2)
2 creatures vanquished.

Grand Total: 43 creatures vanquished

Notes
Turn   | Place    | Note
-------+----------+-------------------------------------------
     0 | D:1      | Shayle the Ogre Warper began the quest for the Orb.
     0 | D:1      | Reached XP level 1. HP: 22/22 MP: 3/3
   301 | D:1      | Reached skill level 3 in Fighting
   368 | D:1      | Reached XP level 2. HP: 21/31 MP: 5/5
   717 | D:1      | Found Fapiat's Armour Boutique.
  1215 | D:2      | Reached XP level 3. HP: 32/37 MP: 6/6
  2087 | D:2      | Reached XP level 4. HP: 28/48 MP: 7/7
  2417 | D:2      | Noticed Natasha
  2752 | D:1      | Learned a level 2 spell: Blink
  2756 | D:1      | Learned a level 3 spell: Teleport Other
  2783 | D:2      | Reached skill level 4 in Fighting
  2971 | D:2      | Found a runed translucent door.
  2972 | D:2      | Noticed Crazy Yiuf
  3069 | D:2      | Killed from afar by Natasha

Illustrated notes

Levels and vault maps discovered:
D:1:      saegor_arrival_simple_c, layout_basic, serial_shops, shop_statue,
          amcnicky_mini_pool_small
D:2:      cheibrodos_old_hovel, layout_basic, uniq_crazy_yiuf_cottage,
          uniq_natasha
D:3:      layout_basic, gammafunk_ghost_mausoleum, chequers_mini_garden,
          minivault_19, minmay_splitting_lines

Skill      XL: |  1  2  3  4 |
---------------+-------------+-----
Fighting       | 3 4 |  4.0
Polearms       | 3 |  3.0
Dodging        | 3 |  3.0
Throwing       | |  1.0
Spellcasting   | |  2.4
Translocations | |  2.6

Action                   |  1- 3 |  4- 6 || total
-------------------------+-------+-------++-------
Melee: Spear             |   158 |    47 ||   205
Throw: Boomerang         |     3 |     2 ||     5
Armor: Robe              |    43 |     5 ||    48
Dodge: Dodged            |    66 |    21 ||    87

Table legend: (Time is in decaauts)
 A = Elapsed time spent in this place.
 B = Non-inter-level travel time spent in this place.
 C = Inter-level travel time spent in this place.
 D = Time resting spent in this place.
 E = Time spent auto-exploring this place.
 F = Levels seen in this place.
 G = Mean time per level.
                   A        B        C        D        E       F      G
               +--------+--------+--------+--------+--------+-----+--------+
         Total |   3065 |   3009 |     56 |    600 |   1851 |   3 | 1021.7 |
       Dungeon |   3065 |   3009 |     56 |    600 |   1851 |   3 | 1021.7 |
               +--------+--------+--------+--------+--------+-----+--------+

Top non-repeatable levels by time:
     D:2: 1448 daAuts
     D:1: 1444 daAuts
     D:3: 172 daAuts
